 Dungeon Crawl Stone Soup version 0.30-b1-2-g02819fbbbe (webtiles) character file.

Game seed: 2819983070977493003

13344 mleeut the Severer (level 11, -6/101 HPs)
             Began as a Minotaur Fighter on May 31, 2023.
             Was a High Priest of Okawaru.
             Mangled by a boulder beetle (9 damage)
             ... on level 11 of the Dungeon.
             The game lasted 00:23:12 (10186 turns).

mleeut the Severer (Minotaur Fighter)              Turns: 10186, Time: 00:23:13

Health: -6/101     AC: 23    Str: 31    XL:     11   Next: 74%
Magic:  10/10      EV: 13    Int:  5    God:    Okawaru [*****.]
Gold:   143        SH:  6    Dex: 11    Spells: 10/10 levels left

rFire   . . .        F - +4 war axe
rCold   + . .        c - +0 buckler
rNeg    . . .        x - +2 ring mail {rPois}
rPois   +            R - +2 hat of Curiosity {rC+ Str+5 Dex-4}
rElec   .            E - +2 cloak
rCorr   .            o - +2 pair of gloves
SInv    .            p - +0 pair of boots
Will    .....        (no amulet)
Stlth   +            m - +4 ring of protection
HPRegen 0.36/turn    A - +6 ring of dexterity
MPRegen 0.12/turn

%: no passive effects
@: studying Shields
A: horns 2, retaliatory headbutt
a: Renounce Religion, Heroism, Finesse, Duel


You were on level 11 of the Dungeon.
You worshipped Okawaru.
Okawaru was extremely pleased with you.
You visited 1 branch of the dungeon, and saw 11 of its levels.

You collected 591 gold pieces.
You spent 448 gold pieces at shops.

Inventory:

Hand Weapons
 F - a +4 war axe (weapon)
Missiles
 y - a throwing net (quivered)
Armour
 c - a +0 buckler (worn)
 f - a scarf of repulsion
 o - a +2 pair of gloves (worn)
 p - a +0 pair of boots (worn)
 x - a +2 ring mail of poison resistance (worn)
 E - a +2 cloak (worn)
 R - the +2 hat of Curiosity (worn) {rC+ Str+5 Dex-4}
   (Okawaru gifted it to you on level 11 of the Dungeon)

   Str:       It affects your strength (+5).
   Dex:       It affects your dexterity (-4).
   rC:        It protects you from cold.
Jewellery
 a - a ring of poison resistance
 m - a +4 ring of protection (left hand)
 w - a ring of resist corrosion
 A - a +6 ring of dexterity (right hand)
 Q - a ring of see invisible
Wands
 B - a wand of mindburst (6)
 H - a wand of acid (7)
 I - a wand of iceblast (7)
 O - a wand of paralysis (3)
 P - a wand of digging (1)
Scrolls
 b - 3 scrolls of enchant armour {unknown}
 h - 2 scrolls of fear {unknown}
 j - 11 scrolls of identify
 k - a scroll of acquirement {unknown}
 n - 6 scrolls of teleportation
 s - 2 scrolls of enchant weapon {unknown}
 t - 3 scrolls of fog
 u - 4 scrolls of amnesia
 C - a scroll of silence {unknown}
 K - a scroll of poison {unknown}
 M - a scroll of brand weapon
 N - a scroll of vulnerability
Potions
 d - 3 potions of might
 e - 2 potions of cancellation {unknown}
 g - 5 potions of curing {unknown}
 i - 3 potions of magic {unknown}
 l - 3 potions of flight {unknown}
 q - a potion of brilliance {unknown}
 r - 3 potions of mutation
 v - 4 potions of attraction {unknown}
 z - a potion of degeneration {unknown}
 D - a potion of invisibility
 G - a potion of berserk rage {unknown}
 J - 2 potions of lignification {unknown}
 L - a potion of haste {unknown}


   Skills:
 + Level 10.6 Fighting
 + Level 15.2 Axes
 + Level 8.4 Armour
 + Level 7.7 Dodging
 + Level 10.5 Shields


You had 10 spell levels left.
You didn't know any spells.
Your spell library contained the following spells:

 Spells                   Type           Power      Damage    Failure   Level
 Necrotise                Necr           0%         1d4       61%         1
 Portal Projectile        Hex/Tloc       0%         N/A       93%         3
 Vampiric Draining        Necr           0%         2d6       93%         3
 Agony                    Necr           0%         N/A       100%        5
 Blade Hands              Tmut           0%         N/A       100%        5
 Tukima's Dance           Hex            Unusable   N/A       N/A         3

Dungeon Overview and Level Annotations

Branches:
Dungeon (11/15)            Temple (0/1) D:6            Lair (0/5) D:9
    Orc: D:9-12

Altars:
Ashenzari
Elyvilon
Nemelex Xobeh
Okawaru
Ru
Sif Muna
Uskayaw
Vehumet
Yredelemnul
Zin
The Shining One

Shops:
D:1 *(?=   D:2 (

Annotations:
D:10 exclusion: statue


Innate Abilities, Weirdness & Mutations

You have a pair of horns on your head.
You reflexively headbutt those who attack you in melee.


Message History

You are too injured to fight recklessly!
You hit the boulder beetle but do no damage.
You headbutt the boulder beetle!
The boulder beetle is lightly wounded.
The boulder beetle closely misses you.
You hit the boulder beetle but do no damage.
You headbutt the boulder beetle!
The boulder beetle is lightly wounded.
You hit the boulder beetle but do no damage.
You headbutt the boulder beetle.
The boulder beetle is moderately wounded.
You block the boulder beetle's attack.
You hit the boulder beetle but do no damage.
The boulder beetle is moderately wounded.
The boulder beetle leaps!
The boulder beetle curls into a ball and begins rolling!
The boulder beetle hits you!!
* * * LOW HITPOINT WARNING * * *
The boulder beetle stops rolling and uncurls.
You see here a +0 club.
You hit the boulder beetle but do no damage.
The boulder beetle is lightly wounded.
You block the boulder beetle's attack.
You hit the boulder beetle but do no damage.
Your headbutt misses the boulder beetle.
The boulder beetle is lightly wounded.
The boulder beetle closely misses you.
You hit the boulder beetle.
The boulder beetle is moderately wounded.
The boulder beetle barely misses you.
You hit the boulder beetle but do no damage.
The boulder beetle is moderately wounded.
The boulder beetle bites you!
* * * LOW HITPOINT WARNING * * *
You hit the boulder beetle but do no damage.
The boulder beetle is moderately wounded.
You slash the boulder beetle!
The boulder beetle is moderately wounded.
The boulder beetle bites you!
You die...

#...##........ #
#............. ###.
#.............
##....##..##.........
#..#......##.........
#.~~~.##†............
#~~P~♣...............
♣~~~.#†....##.......
##.....@B..##.......
#....)#.........##..
#####)#.........# .
##<)).........
#†))...........
#.............
#.............
#.............
#.............


You could see a boulder beetle.

Vanquished Creatures
  A two-headed ogre (D:10)
  The ghost of Mesmaeker13 the Protected, a novice AtFi (D:9)
  A manticore (D:11)
  Psyche (D:10)
  A komodo dragon (D:10)
  4 trolls
  Prince Ribbit (D:5)
  A hornet (D:9)
  A slime creature (D:7)
  A shadow (D:11)
  Sigmund (D:2)
  3 wraiths (D:10)
  A wyvern (D:9)
  4 steam dragons
  21 yaks
  6 vampire mosquitoes
  2 wargs (D:10)
  3 acid dragons
  A water moccasin (D:6)
  Duvessa (D:4)
  5 orc warriors
  2 ogres
  5 black bears
  3 centaurs
  Blork the orc (D:5)
  4 bullfrogs
  4 kobold brigands
  A scorpion (D:6)
  8 wights
  Dowan (D:4)
  6 killer bees (D:7)
  2 howler monkeys (D:11)
  4 hounds
  3 gnoll boudas
  8 orc priests
  Crazy Yiuf (D:5)
  An iguana (D:6)
  13 orc wizards
  3 sleepcaps
  Natasha (thrice) (D:4)
  A hound skeleton (D:3)
  9 gnolls
  A howler monkey skeleton (D:3)
  9 adders
  A white imp (D:6)
  2 adder skeletons (D:3)
  2 worms
  4 dart slugs
  44 orcs
  6 ball pythons
  8 endoplasms
  3 giant cockroaches
  6 goblins
  7 hobgoblins
  7 jackals
  14 kobolds
  4 quokkas
  2 ball python zombies (D:3)
  5 bats
  4 frilled lizards
  2 jackal zombies (D:3)
  4 rats
279 creatures vanquished.

Vanquished Creatures (others)
  An orc wizard (D:8)
  11 fungi (D:9)
  15 plants
27 creatures vanquished.

Grand Total: 306 creatures vanquished

Notes
Turn   | Place    | Note
-------+----------+-------------------------------------------
     0 | D:1      | mleeut the Minotaur Fighter began the quest for the Orb.
     0 | D:1      | Reached XP level 1. HP: 19/19 MP: 0/0
   162 | D:1      | Found Wulits's Jewellery Shoppe.
   227 | D:1      | Found Zadgharai's Weapon Emporium.
   245 | D:1      | Reached XP level 2. HP: 26/27 MP: 1/1
   291 | D:1      | Found Ifeitoga's General Store.
   297 | D:1      | Bought a scroll of identify for 26 gold pieces
   466 | D:1      | Found Vicrukh's Magic Scroll Shop.
   545 | D:2      | Identified the ring "Umeismog" {MP+9 Int+5}
   601 | D:2      | Found Ujul's Weapon Shop.
   620 | D:2      | Reached XP level 3. HP: 31/33 MP: 2/2
   713 | D:2      | Noticed Sigmund
   727 | D:2      | Killed Sigmund
   728 | D:2      | Reached skill level 3 in Axes
   728 | D:2      | Reached skill level 5 in Armour
   728 | D:2      | Reached skill level 1 in Dodging
   728 | D:2      | Reached XP level 4. HP: 16/41 MP: 3/3
   728 | D:2      | Reached XP level 5. HP: 19/47 MP: 4/4
  1081 | D:2      | Found a faded altar of an unknown god.
  1442 | D:3      | Reached skill level 4 in Axes
  1672 | D:3      | Reached XP level 6. HP: 42/55 MP: 5/5
  2857 | D:4      | Noticed Natasha
  2861 | D:4      | Killed Natasha
  2862 | D:4      | Reached skill level 5 in Fighting
  2862 | D:4      | Reached skill level 5 in Axes
  2876 | D:4      | Noticed Duvessa
  2913 | D:4      | Noticed Dowan
  2934 | D:4      | Killed Dowan
  2984 | D:4      | Killed Duvessa
  2985 | D:4      | Reached XP level 7. HP: 44/61 MP: 6/6
  3227 | D:4      | Reached skill level 6 in Axes
  3281 | D:4      | Noticed Natasha
  3365 | D:4      | Killed Natasha
  3366 | D:4      | Reached skill level 5 in Shields
  3417 | D:4      | Noticed Natasha
  3433 | D:4      | Killed Natasha
  3438 | D:5      | Entered Level 5 of the Dungeon
  3781 | D:5      | Noticed Prince Ribbit
  3796 | D:5      | Killed Prince Ribbit
  3797 | D:5      | Reached skill level 7 in Axes
  3797 | D:5      | Reached XP level 8. HP: 42/70 MP: 7/7
  3937 | D:5      | Noticed Blork the orc
  3956 | D:5      | Killed Blork the orc
  4060 | D:5      | Found a runed translucent door.
  4061 | D:5      | Noticed Crazy Yiuf
  4522 | D:5      | Killed Crazy Yiuf
  4523 | D:5      | Reached skill level 8 in Axes
  4733 | D:6      | Found a staircase to the Ecumenical Temple.
  4762 | D:6      | Found a hide-covered altar of Uskayaw.
  4828 | D:6      | Reached skill level 9 in Axes
  4904 | D:6      | Reached XP level 9. HP: 67/79 MP: 8/8
  5007 | D:6      | Found a white marble altar of Elyvilon.
  5597 | D:7      | Noticed a troll
  5609 | D:7      | Killed a troll
  5610 | D:7      | Reached skill level 10 in Axes
  5782 | D:7      | Reached skill level 5 in Dodging
  5877 | D:7      | Found a glowing silver altar of Zin.
  5965 | D:7      | Found a sacrificial altar of Ru.
  5967 | D:7      | Found a sparkling altar of Nemelex Xobeh.
  5967 | D:7      | Found an iron altar of Okawaru.
  5973 | D:7      | Became a worshipper of Warmaster Okawaru
  6035 | D:7      | Reached skill level 11 in Axes
  6090 | D:7      | Found a shimmering blue altar of Sif Muna.
  6109 | D:7      | Found a broken altar of Ashenzari.
  6387 | D:8      | Found a basalt altar of Yredelemnul.
  6509 | D:8      | Reached XP level 10. HP: 84/88 MP: 9/9
  6514 | D:8      | Reached * piety under Okawaru
  6811 | D:8      | Identified the +4 dagger of Absolution {distort, rF+ Int-3
                  | Dex+5}
  6951 | D:9      | Reached skill level 12 in Axes
  6988 | D:9      | Reached ** piety under Okawaru
  7124 | D:9      | Identified the +1 robe "Wynkiano" {rElec}
  7377 | D:9      | Reached skill level 13 in Axes
  7435 | D:9      | Found a staircase to the Lair.
  7480 | D:9      | Found a runed translucent door.
  7480 | D:9      | Noticed Mesmaeker13's ghost (novice AtFi)
  7495 | D:9      | Killed Mesmaeker13's ghost
  7495 | D:9      | Reached *** piety under Okawaru
  7910 | D:1      | Bought a scroll of amnesia for 52 gold pieces
  7910 | D:1      | Bought a scroll of brand weapon for 123 gold pieces
  7910 | D:1      | Bought a scroll of teleportation for 39 gold pieces
  7957 | D:1      | Bought a scroll of vulnerability for 52 gold pieces
  7957 | D:1      | Bought a potion of mutation for 104 gold pieces
  7957 | D:1      | Bought a scroll of fog for 52 gold pieces
  8317 | D:9      | Reached XP level 11. HP: 93/97 MP: 10/10
  8872 | D:10     | Entered Level 10 of the Dungeon
  8914 | D:10     | Reached **** piety under Okawaru
  8914 | D:10     | Received a gift from Okawaru
  8934 | D:10     | Reached skill level 14 in Axes
  8973 | D:10     | Found a glowing golden altar of the Shining One.
  9019 | D:10     | Noticed Psyche
  9050 | D:10     | Killed Psyche
  9299 | D:10     | Noticed a two-headed ogre
  9307 | D:10     | Killed a two-headed ogre
  9308 | D:10     | Reached skill level 10 in Fighting
  9447 | D:10     | Found a radiant altar of Vehumet.
  9456 | D:10     | Reached skill level 10 in Shields
  9456 | D:10     | Reached ***** piety under Okawaru
  9459 | D:10     | Received a gift from Okawaru
  9973 | D:11     | Identified the +1 quarterstaff "Kyumo" {freeze, +Blink
                  | rPois Str+6 Dex+3}
 10112 | D:10     | Reached skill level 15 in Axes
 10153 | D:11     | Noticed a boulder beetle
 10158 | D:11     | Identified the +2 hat of Curiosity {rC+ Str+5 Dex-4}
                  | (Okawaru gifted it to you on level 11 of the Dungeon)
 10158 | D:11     | Received a gift from Okawaru
 10184 | D:11     | HP: 2/101 [boulder beetle (8)]
 10186 | D:11     | Mangled by a boulder beetle

Illustrated notes

Levels and vault maps discovered:
D:1:      minmay_arrival_radiant_lines, layout_loops_cross, serial_shops,
          nicolae_shop_rolling_square, nicolae_shop_trees, shop,
          nicolae_shop_bloodbath_and_beyond
D:2:      layout_loops_ring, serial_shops, nicolae_shop_tiny_glass,
          shapermc_ecumenical_altar_pompeii, grunt_ministairs_15,
          hangedman_abyss_or_decor_lesser_grid, dk_noncrumbling_4, uniq_sigmund
D:3:      layout_loops_cross, serial_undead, serial_undead_c, serial_undead_a,
          serial_undead_d, serial_undead_a, minmay_misc_feat_chi,
          amethyst_killhole
D:4:      cheibrodos_thug_alley, layout_rooms, serial_co_window_serial,
          co_window_corner_a, co_window_of_opportunity_a, co_window_paths_b,
          co_window_paths_b, co_window_paths_a, co_window_of_opportunity_b,
          co_window_corner_b, co_window_broadway_a, co_window_sun,
          co_window_paths_e, glass_columns_a, glass_columns_a, glass_columns_b,
          uniq_natasha, uniq_duvessa
D:5:      layout_loops_corners, uniq_crazy_yiuf_cottage, uniq_prince_ribbit1,
          uniq_blork_the_orc
D:6:      layout_loops_ring, mainiacjoe_overflow_small_starburst,
          mainiacjoe_overflow_concentric_impassable,
          minmay_temple_entry_proselytizer, nicolae_hexahallways
D:7:      layout_rooms, mainiacjoe_overflow_catwalk,
          ashenzari_conservatory_becter, lemuel_crystal_altar,
          grunt_temple_overflow_diamond, minmay_manual_monolith
D:8:      layout_loops_ring, lemuel_tele_altar
D:9:      layout_basic, grunt_lair_entry_orc_guard_hut, gammafunk_ghost_grave,
          dreamdust_gnoll_shepherd
D:10:     layout_loops_ring, vehumet_statue, mainiacjoe_overflow_tiny_flanked,
          uniq_psyche
D:11:     layout_rooms, erik_orc_4, serial_bayou, serial_bayou_pond_c,
          serial_bayou_shore_a, serial_bayou_pond_e, serial_bayou_ford_a

Skill      XL: |  1  2  3  4  5  6  7  8  9 10 11 |
---------------+----------------------------------+-----
Armour         | 4 5 6 7 8 |  8.4
Fighting       | 4 5 6 7 8 9 10 | 10.6
Shields        | 4 5 6 8 9 10 | 10.5
Axes           | 3 4 5 7 9 11 13 15 | 15.2
Dodging        | 1 2 4 5 6 7 |  7.7

Action                     |  1- 3 |  4- 6 |  7- 9 | 10-12 || total
---------------------------+-------+-------+-------+-------++-------
  Melee: War axe           |    55 |   138 |   285 |   289 ||   767
         Headbutt          |     6 |    15 |    56 |    71 ||   148
 Armour: Scale mail        |    22 |    65 |       |       ||    87
         Ring mail         |       |    22 |   174 |    99 ||   295
  Dodge: Dodged            |    26 |    79 |   135 |   147 ||   387
         Repelled          |       |     1 |     1 |       ||     2
  Block: Buckler           |    10 |    26 |    82 |    80 ||   198
